 Dungeon Crawl Stone Soup version 0.19-a0-1007-g133f65f (webtiles) character file.

91666 Liquid the Brawler (level 15, -9/118 HPs)
             Began as a Demonspawn Gladiator on July 21, 2016.
             Was the Champion of Makhleb.
             Mangled by Rupert
             ... wielding a +0 battleaxe of flaming
              (17 damage)
             ... on level 1 of the Orcish Mines.
             The game lasted 01:08:25 (21446 turns).

Liquid the Brawler (Demonspawn Gladiator)          Turns: 21446, Time: 01:08:26

Health: -9/118     AC: 16    Str: 18    XL:     15   Next: 55%
Magic:  25/25      EV: 19    Int: 14    God:    Makhleb [******]
Gold:   1398       SH:  0    Dex: 19    Spells: 6 memorised, 11 levels left

rFire  . . .     SeeInvis .       - Unarmed
rCold  . . .     Gourm    .     i - +3 ring mail {rPois}
rNeg   + . .     Faith    .     (no shield)
rPois  +         Spirit   .     T - +0 helmet {Int+3}
rElec  .         Dismiss  .     b - +1 ratskin cloak {rPois rN+ Int-1 Dex-1}
rCorr  .         Reflect  .     (no gloves)
SustAt .         Harm     .     t - +0 pair of boots
MR     ++...                    F - amulet of regeneration
Stlth  +.........               V - +5 ring of dexterity
                                P - ring of protection from magic

@: very resistant to hostile enchantments, very unstealthy
A: claws 1, icy blue scales 1, foul stench 2, powered by death 1, rot immunity
a: Minor Destruction, Lesser Servant of Makhleb, Major Destruction, Greater
Servant of Makhleb, Renounce Religion


You were on level 1 of the Orcish Mines.
You worshipped Makhleb.
Makhleb was exalted by your worship.
You were not hungry.

You visited 4 branches of the dungeon, and saw 24 of its levels.
You visited the Abyss 1 time.
You also visited: Labyrinth and Volcano.

You collected 1804 gold pieces.
You spent 406 gold pieces at shops.

Inventory:

Hand Weapons
 f - a +1 blowgun
Missiles
 e - 6 tomahawks of returning
 o - 3 throwing nets (quivered)
 u - 123 poisoned needles
 W - 5 javelins of returning
Armour
 b - the +1 ratskin cloak (worn) {rPois rN+ Int-1 Dex-1}
   (You found it on level 6 of the Lair of Beasts)

   It affects your intelligence (-1).
   It affects your dexterity (-1).
   It protects you from poison.
   It protects you from negative energy.
 i - a +3 ring mail of poison resistance (worn)
 s - a +0 shield
 t - a +0 pair of boots (worn)
 T - a +0 helmet of intelligence (worn)
 Y - the +1 robe "Hoodghai" {*Confuse rElec rC+}
   (You found it on level 12 of the Dungeon)

   It protects you from cold.
   It insulates you from electricity.
   It may confuse you when you take damage.
Jewellery
 m - an uncursed ring of wizardry
 p - an uncursed amulet of guardian spirit
 q - an uncursed ring of positive energy
 y - an uncursed ring of poison resistance
 A - an uncursed ring of fire
 F - an amulet of regeneration (around neck)
 H - an uncursed ring of stealth
 P - a ring of protection from magic (left claw)
 Q - a +1 ring of protection
 U - an uncursed ring of sustain attributes
 V - a +5 ring of dexterity (right claw)
Wands
 c - a wand of acid (6/15)
 C - a wand of digging (15/24)
 E - a wand of heal wounds (4/9)
 R - a wand of flame (32/48)
 X - a wand of teleportation (3/9)
Scrolls
 j - 7 scrolls of remove curse
 k - 10 scrolls of amnesia
 n - a scroll of summoning
 r - 6 scrolls of enchant armour
 x - 4 scrolls of recharging
 B - a scroll of identify
 J - 5 scrolls of teleportation
 M - 3 scrolls of enchant weapon
 N - a scroll of blinking
 S - a scroll of brand weapon
Potions
 a - 5 potions of curing
 h - 2 potions of flight
 l - 2 potions of agility
 w - a potion of heal wounds
 z - 3 potions of magic
 D - 3 potions of brilliance
 I - 2 potions of resistance
 K - 2 potions of invisibility
 L - 2 potions of might
Comestibles
 d - 14 bread rations
 g - 11 meat rations
 v - 2 royal jellies
 O - 8 beef jerkies


   Skills:
 - Level 11.1 Fighting
 - Level 1.7 Throwing
 - Level 10.0 Armour
 + Level 10.2 Dodging
 + Level 15.3 Unarmed Combat
 + Level 6.8 Spellcasting
 + Level 7.1 Transmutations
 + Level 6.8 Earth Magic


You had 11 spell levels left.
You knew the following spells:

 Your Spells              Type           Power        Failure   Level  Hunger
a - Statue Form           Tmut/Erth      ###......    99%         6    #######
b - Apportation           Tloc           #.........   24%         1    None
c - Repel Missiles        Chrm/Air       #.....       38%         2    #......
d - Regeneration          Chrm/Necr      #.........   75%         3    ##.....
e - Song of Slaying       Chrm           #.......     38%         2    #......
f - Shroud of Golubria    Chrm/Tloc      #.........   38%         2    #......


Dungeon Overview and Level Annotations

Branches:
Dungeon (15/15)            Temple (1/1) D:6            Lair (6/6) D:9
  Swamp (0/4) Lair:3        Snake (0/4) Lair:3        Slime (0/5) Lair:6
    Orc (2/2) D:9          Vaults (0/5) D:14         Depths (0/5) D:15
    Elf: Orc:2

Altars:
Ashenzari
Cheibriados
Dithmenos
Elyvilon
Fedhas
Gozag
Kikubaaqudgha
Makhleb
Nemelex Xobeh
Okawaru
Pakellas
Qazlal
Ru
Sif Muna
Trog
Uskayaw
Vehumet
Xom
Yredelemnul
Zin
The Shining One

Shops:
D:7 [   D:11 ?

Annotations:
D:15 George's ghost, journeyman MiFi
Lair:2 Sonja
Lair:6 exclusion: 2 oklob plants
Orc:1 Rupert


Innate Abilities, Weirdness & Mutations

You have sharp fingernails.
You are partially covered in icy blue scales. (AC +1)
You frequently emit foul miasma when damaged in melee.
You regenerate a little health from kills.
You are immune to rotting.


Message History

Rupert burns you.
* * * LOW HITPOINT WARNING * * *
You closely miss Rupert.
Rupert is almost dead.
Rupert hits you with a battleaxe of flaming!
* * * LOW HITPOINT WARNING * * *
Rupert burns you.
* * * LOW HITPOINT WARNING * * *
Unknown command.
Evoke which item? (* to show all) (? for menu, Esc to quit)
Zapping:
E - a wand of heal wounds (5/9)
Press: ? - help, Shift-Dir - straight line, f - you You feel much better.
This wand has 4 charges left.
Rupert misses you.
Unknown command.
You claw Rupert!
Rupert is almost dead.
Rupert hits you with a battleaxe of flaming!!!
* * * LOW HITPOINT WARNING * * *
Rupert burns you!
You die...

##..#.#....#..).#.##
#...)..........[...####
##..#..............##.##
#.........#...........#
##....................####
#....................#.#.##
##.##.....................#
#...###...[<@............##
##...##..)[).@.....#...###
##.#....[).......###.##
##.......#.......####
##.....#....#....##
##.........###....#
#.........## ###.##
##..###.#### ### #...###.##
##.......#


You could see Rupert (berserk).

Vanquished Creatures
  Frances (D:14)
  Kirke (D:15)
  A minotaur (Lab)
  An ogre mage (D:14)
  The ghost of mrath the Basher, a journeyman MiFi of Trog (Lair:2)
  Harold (D:10)
  5 vault guards (D:14)
  6 hydras
  3 centaur warriors
  Erolcha (D:10)
  A catoblepas (Lair:6)
  14 death yaks
  2 tengu warriors (D:14)
  A deep troll shaman (Lair:6)
  Urug (D:14)
  2 fire crabs
  An unseen horror (D:14)
  2 harpies (shapeshifter) (D:15)
  4 hill giants
  A necromancer (Lair:3)
  Pikel (D:5)
  A hornet (shapeshifter) (D:15)
  3 cyclopes
  2 orc sorcerers (Orc:1)
  3 manticores
  A deep elf mage (D:15)
  26 elephants
  9 ugly things
  A centaur zombie (D:12)
  Maurice (D:13)
  7 black mambas
  2 molten gargoyles (Volcano)
  Joseph (D:7)
  A torpor snail (Lair:5)
  A gargoyle (D:13)
  11 spiny frogs
  A spiny frog (shapeshifter) (D:15)
  2 kobold demonologists (D:14)
  2 komodo dragons
  An efreet (D:14)
  A redback zombie (D:14)
  A freezing wraith (D:15)
  A tengu conjurer (D:14)
  2 polar bears (Lair:6)
  2 two-headed ogres (D:13)
  4 giant leeches (Lair:3)
  5 trolls
  Grinder (D:4)
  8 blink frogs
  3 slime creatures (D:15)
  A meliai zombie (D:14)
  2 centaur simulacra (D:14)
  48 yaks
  A spriggan (shapeshifter) (D:9)
  A wyvern (D:15)
  A water elemental (D:14)
  2 humans (D:14)
  3 fire bats (Lair:4)
  A fire elemental (Volcano)
  A hog (D:15)
  A vampire (D:14)
  2 yaks (shapeshifter) (D:15)
  Grum (D:10)
  A chaos spawn (Abyss:2)
  A wraith (D:13)
  9 hippogriffs
  A steam dragon (D:9)
  3 vampire mosquitoes (D:15)
  A soldier ant (D:10)
  Edmund (D:5)
  2 hell hounds (Volcano)
  11 water moccasins
  11 porcupines
  Duvessa (D:5)
  6 orc warriors
  A meliai simulacrum (D:14)
  A black bear (D:7)
  2 sky beasts
  7 ice beasts
  3 eyes of draining
  A necrophage (D:9)
  2 phantoms
  4 ogres
  30 wolves
  2 boggarts (D:15)
  17 centaurs
  6 big kobolds
  10 crocodiles
  17 giant frogs
  A komodo dragon zombie (Lair:3)
  4 scorpions
  5 wights (D:8)
  8 killer bees (D:10)
  6 electric eels
  2 howler monkeys (D:8)
  2 lava snakes (Volcano)
  6 crimson imps
  4 giant frog zombies
  8 hounds
  A wyvern simulacrum (D:14)
  A basilisk zombie (Lair:3)
  3 jellies
  2 orc priests
  8 centaur skeletons
  18 orc wizards
  Ijyb (D:2)
  9 iguanas
  13 worker ants
  A killer bee zombie (D:8)
  19 sheep
  A hound zombie (D:9)
  4 hound skeletons
  A worker ant zombie (D:11)
  4 howler monkey skeletons
  11 adders
  23 river rats
  5 shadow imps
  3 white imps (D:14)
  2 ufetubi (D:14)
  2 oozes
  2 adder skeletons
  An adder zombie (D:8)
  3 worms
  4 dart slugs
  3 giant geckos
  52 orcs
  4 giant cockroaches
  9 goblins
  6 hobgoblins
  19 jackals
  17 kobolds
  6 quokkas
  2 bats (D:3)
  A giant gecko zombie (D:6)
  4 giant newts
  2 quokka skeletons
  7 rats
  A plant (D:9)
692 creatures vanquished.

Vanquished Creatures (others)
  3 humans (D:15)
  A boggart (D:15)
  A centaur (D:13)
  Dowan (D:5)
  A centaur skeleton (D:5)
  A giant frog skeleton (D:5)
  2 river rats (Lair:5)
  A giant cockroach (D:5)
  A quokka zombie (D:5)
  A rat (D:3)
  6 fungi
  5 plants
24 creatures vanquished.

Grand Total: 716 creatures vanquished

Notes
Turn   | Place    | Note
-------+----------+-------------------------------------------
     0 | D:1      | Liquid the Demonspawn Gladiator began the quest for the Orb.
     0 | D:1      | Reached XP level 1. HP: 16/16 MP: 1/1
   326 | D:1      | Reached skill level 3 in Unarmed Combat
   332 | D:1      | Gained mutation: You are immune to rotting. [demonic ancestry]
   332 | D:1      | Reached XP level 2. HP: 19/22 MP: 2/2
   884 | D:2      | Found a glowing golden altar of the Shining One.
   921 | D:2      | Reached skill level 1 in Armour
   921 | D:2      | Reached XP level 3. HP: 20/27 MP: 3/3
  1217 | D:2      | Noticed Ijyb
  1250 | D:2      | Killed Ijyb
  1250 | D:2      | Reached skill level 4 in Unarmed Combat
  1250 | D:2      | Gained mutation: You may emit foul miasma when damaged in melee. [demonic ancestry]
  1250 | D:2      | Reached XP level 4. HP: 10/33 MP: 4/4
  1862 | D:3      | Reached XP level 5. HP: 29/38 MP: 5/5
  2914 | D:4      | Reached skill level 5 in Unarmed Combat
  2914 | D:4      | Reached XP level 6. HP: 22/46 MP: 6/6
  2977 | D:4      | HP: 1/46 [worker ant (2)]
  3479 | D:4      | Noticed Grinder
  3522 | D:4      | Killed Grinder
  3522 | D:4      | Reached XP level 7. HP: 19/52 MP: 7/7
  3978 | D:4      | Gained mutation: You tend to lose your temper in combat. [potion of mutation]
  3978 | D:4      | Gained mutation: You passively map a small area around you. [potion of mutation]
  3978 | D:4      | Gained mutation: Scrolls take you a little longer to read. [potion of mutation]
  3996 | D:5      | Entered Level 5 of the Dungeon
  4132 | D:5      | Noticed Edmund
  4156 | D:5      | Killed Edmund
  4156 | D:5      | Reached skill level 6 in Unarmed Combat
  4369 | D:5      | Noticed Pikel
  4412 | D:5      | Killed Pikel
  4412 | D:5      | Reached skill level 7 in Unarmed Combat
  4412 | D:5      | Reached XP level 8. HP: 48/61 MP: 8/8
  4434 | D:5      | Noticed Duvessa
  4434 | D:5      | Noticed Dowan
  4447 | D:5      | Killed Duvessa
  4462 | D:5      | Killed Dowan
  4776 | D:5      | Reached skill level 5 in Dodging
  5191 | D:6      | Reached skill level 5 in Fighting
  5203 | D:6      | Gained mutation: You frequently emit foul miasma when damaged in melee. [demonic ancestry]
  5203 | D:6      | Reached XP level 9. HP: 68/68 MP: 9/9
  5253 | D:6      | Found a staircase to the Ecumenical Temple.
  5268 | Temple   | Entered the Ecumenical Temple
  5422 | Temple   | Became a worshipper of Makhleb the Destroyer
  5477 | D:6      | Found an oddly glowing altar of Pakellas.
  5815 | D:7      | Found Mymiv's Armour Boutique.
  5815 | D:7      | Noticed Joseph
  5985 | D:7      | Killed Joseph
  5985 | D:7      | Reached skill level 8 in Unarmed Combat
  6003 | D:7      | Bought a +2 pair of gloves of strength for 322 gold pieces
  6322 | D:7      | Reached skill level 5 in Armour
  6630 | D:7      | Reached * piety under Makhleb
  6853 | D:8      | Found Foasy's Distillery.
  7195 | D:8      | Found a bloodstained altar of Trog.
  7315 | D:8      | Found an ancient bone altar of Kikubaaqudgha.
  7324 | D:8      | Found a hide-covered altar of Uskayaw.
  7326 | D:8      | Found a sacrificial altar of Ru.
  7436 | D:8      | Reached ** piety under Makhleb
  7513 | D:9      | Found a staircase to the Orcish Mines.
  7529 | D:9      | Reached skill level 9 in Unarmed Combat
  7583 | D:9      | Gained mutation: You are partially covered in icy blue scales. (AC +1) [demonic ancestry]
  7583 | D:9      | Reached XP level 10. HP: 59/77 MP: 10/10
  7706 | D:9      | Found a staircase to the Lair.
  8238 | D:9      | Reached *** piety under Makhleb
  8382 | Lair:1   | Entered Level 1 of the Lair of Beasts
  8508 | Lair:1   | Reached skill level 10 in Unarmed Combat
  8733 | Lair:1   | Noticed an eight-headed hydra
  8752 | Lair:2   | Noticed a black mamba
  8760 | Lair:2   | Killed a black mamba
  8792 | Lair:2   | Noticed a four-headed hydra
  8801 | Lair:2   | Killed a four-headed hydra
  8801 | Lair:2   | Reached XP level 11. HP: 48/86 MP: 11/11
  8947 | Lair:2   | Reached **** piety under Makhleb
  9087 | Lair:2   | Noticed a six-headed hydra
  9099 | Lair:2   | Killed a six-headed hydra
  9099 | Lair:2   | Reached skill level 11 in Unarmed Combat
  9103 | Lair:2   | Noticed Sonja
  9139 | Lair:2   | Noticed mrath's ghost (journeyman MiFi)
  9427 | Lair:2   | Learned a level 6 spell: Statue Form
 10013 | Lair:3   | Reached ***** piety under Makhleb
 10085 | Lair:3   | Found a staircase to the Snake Pit.
 10278 | Lair:3   | Noticed a necromancer
 10291 | Lair:3   | Killed a necromancer
 10359 | Lair:3   | Found a staircase to the Swamp.
 10893 | Lair:4   | Gained mutation: You regenerate a little health from kills. [demonic ancestry]
 10893 | Lair:4   | Reached XP level 12. HP: 93/94 MP: 12/12
 10917 | Lair:4   | Found a dark tunnel.
 10946 | Volcano  | Entered a volcano
 11122 | Volcano  | Found a burning altar of Makhleb.
 11134 | Volcano  | Reached skill level 12 in Unarmed Combat
 11417 | Lair:4   | Noticed a death yak
 11417 | Lair:4   | Noticed a death yak
 11418 | Lair:4   | Noticed a death yak
 11418 | Lair:4   | Noticed a death yak
 11418 | Lair:4   | Noticed a death yak
 11418 | Lair:4   | Noticed a death yak
 11447 | Lair:4   | Killed a death yak
 11484 | Lair:4   | Killed a death yak
 11499 | Lair:4   | Killed a death yak
 11510 | Lair:4   | Killed a death yak
 11526 | Lair:4   | Killed a death yak
 11546 | Lair:4   | Killed a death yak
 11579 | Lair:4   | Noticed a death yak
 11583 | Lair:4   | Noticed a death yak
 11583 | Lair:4   | Noticed a death yak
 11611 | Lair:4   | Killed a death yak
 11645 | Lair:4   | Killed a death yak
 11656 | Lair:4   | Killed a death yak
 11744 | Lair:4   | Reached skill level 13 in Unarmed Combat
 11767 | Lair:4   | Reached skill level 10 in Fighting
 12028 | Lair:4   | Reached XP level 13. HP: 93/103 MP: 13/13
 12320 | Lair:4   | Gained mutation: You are resistant to hostile enchantments. (MR+) [potion of mutation]
 12320 | Lair:4   | Gained mutation: You expend magic power (3 MP) to strengthen your wands. [potion of mutation]
 12321 | Lair:4   | Lost mutation: Scrolls take you a little longer to read. [potion of mutation]
 12321 | Lair:4   | Gained mutation: You have sharp fingernails. [potion of mutation]
 12321 | Lair:4   | Gained mutation: You are occasionally teleported next to monsters. [potion of mutation]
 12322 | Lair:4   | Lost mutation: You expend magic power (3 MP) to strengthen your wands. [potion of cure mutation]
 12322 | Lair:4   | Lost mutation: You tend to lose your temper in combat. [potion of cure mutation]
 12322 | Lair:4   | Lost mutation: You passively map a small area around you. [potion of cure mutation]
 12322 | Lair:4   | Lost mutation: You have sharp fingernails. [potion of cure mutation]
 12322 | Lair:4   | Lost mutation: You are occasionally teleported next to monsters. [potion of cure mutation]
 12322 | Lair:4   | Lost mutation: You are resistant to hostile enchantments. (MR+) [potion of cure mutation]
 12563 | Lair:5   | Learned a level 1 spell: Apportation
 12689 | Lair:5   | Reached ****** piety under Makhleb
 12694 | Lair:5   | Found a labyrinth entrance.
 12765 | Lab      | Entered a labyrinth
 13156 | Lab      | Noticed a minotaur
 13166 | Lab      | Killed a minotaur
 13175 | Lab      | Got an ancient dagger
 13191 | Lair:5   | Identified the cursed +0 dagger "Heasiun" {venom, rC+ Stlth+} (You found it in a labyrinth)
 13339 | Lair:5   | Reached skill level 10 in Dodging
 13375 | Lair:5   | Learned a level 2 spell: Repel Missiles
 13584 | Lair:5   | Reached skill level 14 in Unarmed Combat
 13712 | Lair:6   | Entered Level 6 of the Lair of Beasts
 13749 | Lair:6   | Reached skill level 10 in Armour
 13871 | Lair:6   | Reached skill level 1 in Spellcasting
 13877 | Lair:6   | Reached skill level 1 in Transmutations
 13892 | Lair:6   | Reached skill level 1 in Earth Magic
 14437 | Lair:6   | Reached XP level 14. HP: 110/110 MP: 18/18
 14680 | Lair:6   | Found a staircase to the Slime Pits.
 14885 | Lair:6   | HP: 5/110 [eight-headed hydra (5)]
 15205 | Lair:2   | Killed mrath's ghost
 15948 | D:10     | Entered Level 10 of the Dungeon
 16107 | D:10     | Noticed Erolcha
 16124 | D:10     | Cast into level 1 of the Abyss (Erolcha)
 16227 | Abyss:1  | Noticed a starcursed mass
 16267 | D:10     | Escaped the Abyss
 16280 | D:10     | Killed Erolcha
 16295 | D:10     | Noticed Harold
 16308 | D:10     | Killed Harold
 16450 | D:10     | Noticed Grum
 16481 | D:10     | Killed Grum
 16797 | D:11     | Found Odit's Magic Scroll Shop.
 16819 | D:11     | Bought a scroll of teleportation for 42 gold pieces
 16819 | D:11     | Bought a scroll of teleportation for 42 gold pieces
 17113 | D:11     | You fall through a shaft for 3 floors!
 17137 | D:14     | Reached skill level 5 in Transmutations
 17319 | D:14     | Reached skill level 5 in Spellcasting
 17333 | D:14     | Found a gate to the Vaults.
 17348 | D:14     | Reached skill level 5 in Earth Magic
 17655 | D:14     | Learned a level 3 spell: Regeneration
 17658 | D:14     | Learned a level 2 spell: Song of Slaying
 17661 | D:14     | Learned a level 2 spell: Shroud of Golubria
 17871 | D:14     | Noticed Urug
 17890 | D:14     | Killed Urug
 17890 | D:14     | Reached skill level 15 in Unarmed Combat
 18107 | D:14     | Noticed Frances
 18124 | D:14     | Killed Frances
 18247 | D:14     | Gained mutation: You have sharp fingernails. [demonic ancestry]
 18247 | D:14     | Reached XP level 15. HP: 118/118 MP: 23/23
 18715 | D:13     | Noticed Maurice
 18731 | D:13     | Killed Maurice
 19230 | D:15     | Entered Level 15 of the Dungeon
 19314 | D:15     | Noticed Kirke
 19328 | D:15     | Killed Kirke
 19368 | D:15     | Found a sacrificial altar of Ru.
 19411 | D:15     | Noticed George's ghost (journeyman MiFi)
 19891 | D:15     | Found a staircase to the Depths.
 20632 | D:12     | Got a distressingly furry robe
 20633 | D:12     | Identified the +1 robe "Hoodghai" {*Confuse rElec rC+} (You found it on level 12 of the Dungeon)
 21113 | Orc:1    | Entered Level 1 of the Orcish Mines
 21422 | Orc:2    | Entered Level 2 of the Orcish Mines
 21422 | Orc:2    | Noticed Rupert
 21446 | Orc:1    | Mangled by Rupert

Vault maps used:
D:1:      dpeg_arrival_tiny_a, serial_co_window_serial,
          co_window_of_opportunity_a, co_window_corner_a, co_window_paths_b,
          co_window_corner_a, co_window_corner_a, co_window_corner_b,
          co_window_2corner, co_window_cross_3, co_window_broadway_c,
          co_window_2corner, co_window_2corner, glass_columns_c, glass_columns_a
D:2:      kennysheep_the_goblin_king, tso_oasis_becter, first_bread,
          kennysheep_cross_bottleneck
D:3:      minmay_fountain_box
D:4:      uniq_grinder
D:5:      uniq_pikel, uniq_duvessa, uniq_edmund
D:6:      hex_tiny, grunt_pakellas_salt
D:7:      serial_shops, shop, uniq_joseph
D:8:      minitemple, nicolae_overflow_hidden_temple, serial_shops,
          nicolae_shop_statue_plus
D:9:      david_lair_shrubbed, orc_0_dummy
D:10:     uniq_grum, uniq_harold, uniq_erolcha
D:11:     serial_shops, shop
D:13:     grunt_ogre_cave, uniq_maurice
D:14:     grunt_vaults_entry_fortified, minmay_misc_feat_tower, serial_ice,
          serial_ice_e, serial_ice_j, serial_ice_o, serial_ice_g, uniq_urug,
          uniq_frances
D:15:     gammafunk_enter_depths_forms, nicolae_ru_sacrificial_ziggurat,
          uniq_kirke
Temple:   regret_index_temple_sphere_string
Lair:1:   nicolae_quartered_pool_super
Lair:2:   serial_bayou_shore_a, uniq_sonja
Lair:3:   pond_and_an_island_with_a_cottage, minmay_swamp_entry_worms
Lair:4:   nicolae_volcano_entry_batcave
Lair:5:   lab_entry_generic, grunt_megastairs_4
Lair:6:   grunt_lair_end_beastmaster, minmay_slime_entry_oklob_enclosed,
          grunt_megastairs_5
Orc:1:    portal_ice_cave_rime, basic_altar
Orc:2:    grunt_orc_tribal_feast, uniq_rupert
Abyss:2:  hangedman_decor_riveting
Volcano:  volcano_lake

Skill      XL: |  1  2  3  4  5  6  7  8  9 10 11 12 13 14 15 |
---------------+----------------------------------------------+-----
Unarmed Combat | 3 4 5 7 9 10 11 13 14 15 | 15.3
Armour         | 1 2 4 5 6 8 9 10 | 10.0
Dodging        | 3 4 5 6 7 8 9 10 | 10.2
Fighting       | 3 4 5 6 7 8 10 11 | 11.1
Spellcasting   | 3 5 6 |  6.8
Transmutations | 3 5 7 |  7.1
Earth Magic    | 3 5 6 |  6.8
Throwing       | |  1.7

Action                   |  1- 3 |  4- 6 |  7- 9 | 10-12 | 13-15 || total
-------------------------+-------+-------+-------+-------+-------++-------
Melee: Unarmed           |   132 |   428 |   590 |   915 |  1726 ||  3791
       Punch             |     2 |     2 |    21 |    65 |   182 ||   272
       Dagger            |       |       |       |       |     3 ||     3
Throw: Throwing net      |       |       |     6 |       |       ||     6
       Tomahawk          |       |       |       |       |     8 ||     8
Evoke: Wand              |       |       |       |     9 |    15 ||    24
  Use: Potion            |       |     6 |     4 |     2 |     7 ||    19
       Scroll            |       |       |    16 |     6 |    24 ||    46
 Stab: Held in net/web   |       |       |     1 |       |       ||     1
       Invisible         |       |       |     6 |     2 |       ||     8
       Sleeping          |       |       |     3 |     2 |       ||     5
       Distracted        |       |       |       |     1 |       ||     1
       Petrified         |       |       |       |       |     5 ||     5
  Eat: Chunk             |     1 |     7 |     9 |    17 |    27 ||    61
       Beef jerky        |       |       |     3 |       |       ||     3
       Pizza             |       |       |     3 |       |     1 ||     4
       Meat ration       |       |       |       |     1 |       ||     1
       Royal jelly       |       |       |       |       |     1 ||     1
       Fruit             |       |       |       |       |     2 ||     2
Armor: Scale mail        |    15 |       |       |       |       ||    15
       Leather armour    |     2 |       |       |       |       ||     2
       Ring mail         |    42 |   238 |   180 |   336 |   635 ||  1431
       Skin              |       |       |     2 |       |       ||     2
Dodge: Dodged            |    70 |   228 |   365 |   701 |  1438 ||  2802
